 Dungeon Crawl Stone Soup version 0.21-a0-157-gb89e0e2 (webtiles) character file.

7 Goblin1989 the Vexing (level 1, 0/15 HPs)
             Began as a Demonspawn Enchanter on Aug 4, 2017.
             Slain by a frilled lizard (1 damage)
             ... on level 1 of the Dungeon.
             The game lasted 00:00:40 (273 turns).

Goblin1989 the Vexing (Demonspawn Enchanter)         Turns: 273, Time: 00:00:41

Health: 0/15       AC:  2    Str:  8    XL:     1   Next: 83%
Magic:  3/3        EV: 12    Int: 16    God:
Gold:   12         SH:  0    Dex: 13    Spells: 3/4 levels left

rFire    . . .     SeeInvis .   a - +1 dagger
rCold    . . .     Gourm    .   (no shield)
rNeg     . . .     Faith    .   b - +0 robe
rPois    .         Spirit   .   (no helmet)
rElec    .         Reflect  .   (no cloak)
rCorr    .         Harm     .   (no gloves)
MR       .....                  (no boots)
Stlth    ++........             (no amulet)
HPRegen  0.05/turn              (no ring)
MPRegen  0.08/turn              (no ring)

@: no status effects
A: no striking features
a: no special abilities


You were on level 1 of the Dungeon.
You were not hungry.

You visited 1 branch of the dungeon, and saw 1 of its levels.

You collected 12 gold pieces.

Inventory:

Hand Weapons
 a - a +1 dagger (weapon)
Missiles
 f - 16 sling bullets
Armour
 b - a +0 robe (worn)
Books
 c - a book of Maledictions

   Spells                             Type                      Level
   a - Corona                         Hexes                        1
   b - Ensorcelled Hibernation        Hexes/Ice                    2
   c - Confuse                        Hexes                        3
   d - Tukima's Dance                 Hexes                        3
   e - Dazzling Spray                 Conjuration/Hexes            3
Comestibles
 e - a bread ration {@e1}


   Skills:
 + Level 1.5 Fighting
 - Level 0.8 Short Blades
 - Level 1.7 Dodging
 - Level 2.6 Stealth
 - Level 2.0 Spellcasting
 - Level 3.0 Hexes


You had 3 spell levels left.
You knew the following spells:

 Your Spells              Type           Power        Failure   Level  Hunger
a - Corona                Hex            ##.....      6%          1    #......


Dungeon Overview and Level Annotations

Branches:
Dungeon (1/15)

Altars:


Message History

No target in view!
No target in view!
No target in view!
No target in view!
No target in view!
No target in view!
No target in view!
No target in view!
No target in view!
No target in view!
No target in view!
No target in view!
HP restored.
A kobold comes into view. It is wielding a whip.
Health restored: 15
Found an escape hatch in the floor.
A kobold comes into view.
The kobold shouts!
The kobold throws a stone.
The stone misses you.
You see here a stone.
You hit the kobold but do no damage.
The kobold throws a stone.
The stone closely misses you. The kobold closely misses you.
You hit the kobold but do no damage. The kobold hits you.
You hit the kobold.
The kobold is moderately wounded.
The kobold barely misses you.
A kobold comes into view. It is wielding a whip.
You take 3 damage, and have 12/15 hp.
The kobold shouts!
You hit the kobold but do no damage.
The kobold is moderately wounded.
The kobold barely misses you.
You hit the kobold but do no damage.
The kobold is moderately wounded.
The kobold barely misses you.
A frilled lizard comes into view.
The frilled lizard hisses angrily.
You hit the kobold but do no damage.
The kobold is moderately wounded.
The kobold hits you but does no damage.
You miss the kobold.
The kobold is moderately wounded.
The kobold closely misses you. x2
You closely miss the kobold.
The kobold is moderately wounded.
The kobold closely misses you. The frilled lizard bites you.
The kobold hits you but does no damage.
You take 1 damage, and have 11/15 hp.
You hit the kobold.
The kobold is severely wounded.
The kobold barely misses you. The frilled lizard bites you.
The kobold barely misses you.
You take 2 damage, and have 9/15 hp.
You are too injured to fight recklessly!
You are too injured to fight recklessly!
You are too injured to fight recklessly!
You are too injured to fight recklessly!
You are too injured to fight recklessly!
You are too injured to fight recklessly!
You are too injured to fight recklessly!
You are too injured to fight recklessly!
You are too injured to fight recklessly!
You are too injured to fight recklessly!
You are too injured to fight recklessly!
You are too injured to fight recklessly!
You are too injured to fight recklessly!
You are too injured to fight recklessly!
You are too injured to fight recklessly!
You are too injured to fight recklessly!
You are too injured to fight recklessly!
You are too injured to fight recklessly!
You are too injured to fight recklessly!
You are too injured to fight recklessly!
You are too injured to fight recklessly!
You barely miss the kobold.
The kobold is severely wounded.
The kobold hits you.
* * * LOW HITPOINT WARNING * * *
You take 4 damage, and have 5/15 hp.
MASSIVE DAMAGE!!
You hit the kobold.
You kill the kobold!
All of the chunks of flesh in your inventory have rotted away.
You closely miss the frilled lizard. The frilled lizard misses you.
You hit the frilled lizard.
You kill the frilled lizard!
You hit the kobold.
The kobold is severely wounded.
The kobold hits you with a whip.
* * * LOW HITPOINT WARNING * * *
You take 3 damage, and have 2/15 hp.
You hit the kobold.
You kill the kobold!
You hit the frilled lizard but do no damage.
The frilled lizard barely misses you.
You closely miss the frilled lizard. The frilled lizard closely misses you.
You miss the frilled lizard. The frilled lizard bites you.
* * * LOW HITPOINT WARNING * * *
You take 1 damage, and have 1/15 hp.
You barely miss the frilled lizard. The frilled lizard bites you.
You die...

█.. █.█ █.█ █ █.█ █
█> █.█ ███.
█..██.███ .....
█...lK.█
█...███████.█.K█
█....@lK....██..█ .
██.███████..███....
. █.......... ..
█.█████.... █. █.█
... █. █████.█ ...
█.██.....█
█..█.....███
██.█.).....█


You could see a kobold and a frilled lizard.

Vanquished Creatures
  A giant cockroach (D:1)
  A goblin (D:1)
  3 kobolds (D:1)
  2 frilled lizards (D:1)
7 creatures vanquished.

Notes
Turn   | Place    | Note
-------+----------+-------------------------------------------
     0 | D:1      | Goblin1989 the Demonspawn Enchanter began the quest for the Orb.
     0 | D:1      | Reached XP level 1. HP: 13/13 MP: 3/3
    75 | D:1      | Reached skill level 1 in Fighting
   273 | D:1      | Slain by a frilled lizard

Vault maps used:
D:1:      lemuel_arrival_river_bridge, minmay_tripent

Skill      XL: |  1 |
---------------+----+-----
Fighting       | 1 |  1.5
Short Blades   | |  0.8
Dodging        | |  1.7
Stealth        | |  2.6
Spellcasting   | |  2.0
Hexes          | |  3.0

Action                   || total
-------------------------++-------
Melee: Dagger            ||    34
 Stab: Sleeping          ||     2
Armor: Robe              ||     3
Dodge: Dodged            ||    19

Vault maps used:
D:1:      lemuel_arrival_river_bridge, minmay_tripent
